 Dungeon Crawl Stone Soup version 0.25-a0-97-g19cdb01801 (webtiles) character file.

Game seed: 4804043566102423235, levelgen mode: deterministic

2162 Lanoc the Quickloader (level 9, -2/78 HPs)
             Began as a White Draconian Hunter on Nov 12, 2019.
             Was a Follower of Okawaru.
             Slain by a two-headed ogre
             ... wielding a +0 giant spiked club
              (26 damage)
             ... on level 7 of the Dungeon on Nov 13, 2019.
             The game lasted 00:15:28 (5819 turns).

Lanoc the Quickloader (White Draconian Hunter)      Turns: 5819, Time: 00:15:29

Health: -2/78      AC: 10    Str: 19    XL:     9   Next: 10%
Magic:  10/10      EV: 20    Int: 12    God:    Okawaru [*.....]
Gold:   511        SH:  0    Dex: 15    Spells: 8/8 levels left

rFire    . . .     SeeInvis .   a - +2 hand crossbow
rCold    + . .     Gourm    .   (no shield)
rNeg     . . .     Faith    .   (armour unavailable)
rPois    .         Spirit   .   (helmet restricted)
rElec    .         Reflect  .   t - scarf {repulsion}
rCorr    .         Harm     .   g - +2 pair of gloves
MR       .....                  (no boots)
Stlth    ++........             (no amulet)
HPRegen  0.23/turn              q - +5 ring of evasion
MPRegen  0.12/turn              z - +5 ring of strength

@: short of breath, repel missiles
A: breathe frost, unfitting armour, cold resistance 1, cold-blooded, AC +7
a: Breathe Frost, Heroism, Renounce Religion


You were on level 7 of the Dungeon.
You worshipped Okawaru.
Okawaru was aware of your devotion.
You were hungry.

You visited 2 branches of the dungeon, and saw 9 of its levels.

You collected 511 gold pieces.

Inventory:

Hand Weapons
 a - a +2 hand crossbow (weapon)
 b - a +1 dagger of flaming
 k - a +0 short sword of speed
Missiles
 c - 21 bolts (quivered)
 i - 102 arrows
Armour
 g - a +2 pair of gloves (worn)
 t - a scarf of repulsion (worn)
Jewellery
 l - an uncursed ring of flight
 q - a +5 ring of evasion (left hand)
 v - an uncursed ring of poison resistance
 z - a +5 ring of strength (right hand)
 A - an uncursed ring of protection from fire
Scrolls
 e - 3 scrolls of blinking {unknown}
 m - 3 scrolls of teleportation
 o - 2 scrolls of enchant weapon
 p - a scroll of random uselessness {unknown}
 r - 4 scrolls of fog {unknown}
 u - 2 scrolls of identify
 w - 2 scrolls of magic mapping {unknown}
 x - 2 scrolls of remove curse
 y - 2 scrolls of fear {unknown}
 B - a scroll of immolation {unknown}
Potions
 f - 2 potions of flight {unknown}
 h - 2 potions of haste {unknown}
 j - 3 potions of brilliance
 n - 2 potions of berserk rage {unknown}
 s - a potion of heal wounds
 C - a potion of curing
 D - a potion of magic {unknown}
Comestibles
 d - 17 rations


   Skills:
 + Level 6.7 Fighting
 * Level 8.5 Crossbows
 + Level 5.6 Dodging
 - Level 0.8 Stealth
 + Level 2.4 Invocations


You had 8 spell levels left.
You didn't know any spells.
Your spell library contained the following spells:

 Spells                   Type           Power        Failure   Level  Hunger
 Beastly Appendage        Tmut           #.....       32%         1    ##.....
 Sticks to Snakes         Tmut           #.......     45%         2    ###....
 Spider Form              Tmut/Pois      #.........   69%         3    ####...
 Ice Form                 Ice/Tmut       #.......     97%         4    #####..
 Blade Hands              Tmut           #.........   100%        5    ######.


Dungeon Overview and Level Annotations

Branches:
Dungeon (8/15)             Temple (1/1) D:7
   Lair: D:8-11

Altars:
Cheibriados
Dithmenos
Elyvilon
Fedhas
Gozag
Hepliaklqana
Kikubaaqudgha
Makhleb
Nemelex Xobeh
Okawaru
Ru
Sif Muna
Trog
Uskayaw
Vehumet
Wu Jian
Xom
Yredelemnul
Zin
The Shining One

Annotations:
D:7 Dowan, Duvessa


Innate Abilities, Weirdness & Mutations

You can breathe waves of freezing cold.
You can buffet flying creatures when you breathe cold.
Your icy white scales are hard. (AC +7)
You cannot fit into any form of body armour.
Your flesh is cold resistant. (rC+)
You are cold-blooded and may be slowed by cold attacks.


Message History

Press: ? - help, Shift-Dir - straight line, f/p - two-headed ogre
Aim: a two-headed ogre, wielding a +0 giant spiked club and a +0 giant club (heavily wounded)
You shoot a bolt. The bolt hits the two-headed ogre!
The two-headed ogre is severely wounded.
The two-headed ogre misses you. x2
Firing (i - inventory)
c - 23 bolts (quivered)
Press: ? - help, Shift-Dir - straight line, f/p - two-headed ogre
Aim: a two-headed ogre, wielding a +0 giant spiked club and a +0 giant club (severely wounded)
You shoot a bolt.
The bolt barely misses the two-headed ogre.
The two-headed ogre hits you with a +0 giant spiked club!!
The two-headed ogre misses you.
Firing (i - inventory)
c - 22 bolts (quivered)
Press: ? - help, Shift-Dir - straight line, f/p - two-headed ogre
Aim: a two-headed ogre, wielding a +0 giant spiked club and a +0 giant club (severely wounded)
You shoot a bolt. The bolt hits the two-headed ogre!
The two-headed ogre is almost dead.
The two-headed ogre misses you.
The two-headed ogre hits you with a +0 giant club!!
You die...

###..#.#..#######.# #.#. #
#.#.###.........# #.#.
###..#.###.#####..# #.#.
....###.###.# #..# #.#.
..#..#.###.#####..############.#.
#.#.#.## #......................
#....#.# #.####..######.#######.
#.....#e# #. #..# #.# #.
#.....#.###.####@.# #(# ##
#...............O.# #.#
#.....#.###.......# #.#
......#..........## #.#
.######.#####.##.## #.#
.######.#####.#>(.### #.#
................#...# #.#
####.##.#####.#...#.# #.# #.#
#.##.##.# #.#######


You could see a two-headed ogre.

Vanquished Creatures
  Menkaure (D:7)
  A sky beast (D:7)
  An ice beast (D:7)
  4 ogres
  2 centaurs
  2 phantoms (D:5)
  2 bullfrogs
  A scorpion (D:7)
  A vampire bat (D:4)
  A howler monkey (D:5)
  3 crimson imps
  A hound (D:6)
  5 orc priests
  3 orc wizards
  5 worker ants
  Natasha (D:2)
  Terence (D:2)
  An iguana (D:5)
  2 hound zombies
  2 hound skeletons (D:5)
  3 gnolls (D:4)
  5 adders
  A shadow imp (D:5)
  2 oozes
  An adder skeleton (D:7)
  2 worms
  3 dart slugs
  3 fire bats (D:4)
  4 leopard geckos
  22 orcs
  2 spectral bats (D:4)
  3 bat skeletons (D:4)
  A bat zombie (D:4)
  5 giant cockroaches
  9 goblins
  12 hobgoblins
  14 jackals
  9 kobolds
  4 quokkas
  2 ball pythons
  18 bats
  A bat simulacrum (D:4)
  5 frilled lizards
  A quokka skeleton (D:4)
  4 rats
176 creatures vanquished.

Notes
Turn   | Place    | Note
-------+----------+-------------------------------------------
     0 | D:1      | Lanoc the Draconian Hunter began the quest for the Orb.
     0 | D:1      | Reached XP level 1. HP: 17/17 MP: 1/1
   122 | D:1      | Reached XP level 2. HP: 17/25 MP: 2/2
   326 | D:1      | Reached skill level 4 in Crossbows
   424 | D:1      | Reached XP level 3. HP: 16/30 MP: 3/3
   832 | D:2      | Noticed Natasha
   849 | D:2      | Killed Natasha
   928 | D:2      | Reached XP level 4. HP: 28/38 MP: 4/4
  1064 | D:2      | Noticed Terence
  1070 | D:2      | Killed Terence
  1262 | D:2      | Found a sacrificial altar of Ru.
  1262 | D:2      | Found a shimmering blue altar of Sif Muna.
  1447 | D:3      | Reached XP level 5. HP: 44/45 MP: 5/5
  1483 | D:3      | Reached skill level 5 in Crossbows
  1679 | D:3      | Found a sparkling altar of Nemelex Xobeh.
  2148 | D:4      | Reached XP level 6. HP: 50/52 MP: 6/6
  2303 | D:4      | Found a hazy altar of Hepliaklqana.
  2714 | D:4      | Reached skill level 6 in Crossbows
  2897 | D:4      | Your scales start taking on an icy white colour.
  2897 | D:4      | Reached XP level 7. HP: 36/60 MP: 7/7
  2897 | D:4      | Gained mutation: Your flesh is cold resistant. (rC+) [White
                  | Draconian growth]
  3090 | D:5      | Entered Level 5 of the Dungeon
  3194 | D:5      | Reached skill level 5 in Fighting
  3416 | D:5      | Reached skill level 7 in Crossbows
  3416 | D:5      | Reached XP level 8. HP: 65/69 MP: 8/8
  4196 | D:6      | Reached skill level 5 in Dodging
  4318 | D:6      | Found a glowing golden altar of the Shining One.
  4342 | D:6      | Found an ornate altar of the Wu Jian Council.
  4342 | D:6      | Found a blossoming altar of Fedhas.
  4488 | D:7      | Found a staircase to the Ecumenical Temple.
  4494 | Temple   | Entered the Ecumenical Temple
  4672 | Temple   | Became a worshipper of Warmaster Okawaru
  4897 | D:7      | Reached skill level 8 in Crossbows
  4897 | D:7      | Reached skill level 1 in Invocations
  4941 | D:7      | Noticed Duvessa
  4941 | D:7      | Noticed Dowan
  5475 | D:7      | Reached * piety under Okawaru
  5623 | D:7      | Reached XP level 9. HP: 61/78 MP: 10/10
  5676 | D:7      | Noticed Menkaure
  5681 | D:7      | Killed Menkaure
  5801 | D:8      | Noticed a two-headed ogre
  5819 | D:7      | Slain by a two-headed ogre

Levels and vault maps discovered:
D:1:      dpeg_arrival_pond, layout_basic
D:2:      layout_rooms, nicolae_overflow_hidden_temple,
          gammafunk_temple_overflow_statue, uniq_terence, uniq_natasha
D:3:      layout_basic, overflow_temple_1_default, first_ration
D:4:      layout_basic, old_standard_altar, goddamned_bats
D:5:      layout_cave_pools
D:6:      layout_gridville, lemuel_crystal_altar, lemuel_crystal_altar,
          basic_altar
D:7:      layout_loops_ring, minmay_temple_entry_hall, uniq_duvessa,
          uniq_menkaure
D:8:      layout_layer_cave, nicolae_tso_carved_into_rock
Temple:   oiseaux_autumnal_temple

Skill      XL: |  1  2  3  4  5  6  7  8 |
---------------+-------------------------+-----
Dodging        | 2 3 4 5 |  5.6
Crossbows      | 4 5 6 7 8 |  8.5
Fighting       | 3 4 5 6 |  6.7
Invocations    | 2 |  2.4
Stealth        | |  0.8

Action                   |  1- 3 |  4- 6 |  7- 9 || total
-------------------------+-------+-------+-------++-------
Melee: Short sword       |   101 |   250 |   352 ||   703
       Tailslap          |    11 |    28 |    54 ||    93
 Fire: Hand crossbow     |    33 |    66 |    64 ||   163
 Abil: Breathe Frost     |       |       |    23 ||    23
  Use: Potion            |     1 |     1 |     1 ||     3
       Scroll            |       |     6 |     1 ||     7
 Stab: Sleeping          |       |     1 |     3 ||     4
  Eat: Chunk             |       |     7 |     9 ||    16
       Ration            |       |       |     1 ||     1
Armor: Skin              |    54 |    74 |    80 ||   208
Dodge: Dodged            |    62 |   287 |   310 ||   659
       Deflected         |       |       |     4 ||     4

Table legend:
 A = Non-vault XP
 B = Vault XP
 C = Vault XP percentage of total XP
 D = Non-vault monster count
 E = Vault monster count
 F = Vault count percentage of total count
                 A         B        C        D         E       F
            +---------+---------+-------+---------+---------+-------
      Total |    2675 |     414 |  13.4 |     153 |      23 |  13.1
            +---------+---------+-------+---------+---------+-------
        D:1 |      53 |       0 |   0.0 |      31 |       0 |   0.0
        D:2 |      40 |      72 |  64.3 |      18 |       2 |  10.0
        D:3 |     130 |       0 |   0.0 |      33 |       0 |   0.0
        D:4 |     420 |     173 |  29.2 |      28 |      20 |  41.7
        D:5 |     865 |       0 |   0.0 |      20 |       0 |   0.0
        D:6 |     303 |       0 |   0.0 |       4 |       0 |   0.0
        D:7 |     864 |     169 |  16.4 |      19 |       1 |   5.0
            +---------+---------+-------+---------+---------+-------
